 Dungeon Crawl Stone Soup version 0.26-b1-32-g5d43845318 (webtiles) character file.

Game seed: 14724975002186368735

560 Aviak the Sneak (level 7, -1/50 HPs)
             Began as an Octopode Delver on Jan 12, 2021.
             Slain by Edmund
             ... wielding a +2 flail of venom
              (10 damage)
             ... on level 4 of the Dungeon.
             The game lasted 00:04:50 (3209 turns).

Aviak the Sneak (Octopode Delver)                   Turns: 3209, Time: 00:04:50

Health: -1/50      AC:  1    Str: 11    XL:     7   Next: 31%
Magic:  7/7        EV: 15    Int: 14    God:
Gold:   164        SH:  4    Dex: 14    Spells: 6/6 levels left

rFire    . . .     SeeInvis .     - Unarmed
rCold    . . .     Faith    .   h - +0 buckler (curse)
rNeg     . . .     Spirit   .   (helmet restricted)
rPois    .         Reflect  .   d - amulet of regeneration
rElec    .         Harm     .   (no ring)
rCorr    .         Rampage  .   (no ring)
Will     .....                  (no ring)
Stlth    ++++......             (no ring)
HPRegen  0.56/turn              (no ring)
MPRegen  0.10/turn              (no ring)
                                (no ring)
                                (no ring)

@: lethally poisoned (-1 -> -23)
A: almost no armour, stealthy swim, amphibious, 8 rings, constrict 8, camouflage
1, gelatinous body 1
a: no special abilities


You were on level 4 of the Dungeon.
You visited 1 branch of the dungeon, and saw 6 of its levels.

You collected 164 gold pieces.

Inventory:

Armour
 h - a cursed +0 buckler (worn)
Jewellery
 d - an amulet of regeneration (around mantle)
 l - an uncursed ring of ice
Wands
 e - a wand of digging (3)
Scrolls
 a - 2 scrolls of fog
 b - 3 scrolls of magic mapping
 c - 3 scrolls of fear
 g - 7 scrolls of identify {unknown}
 j - a scroll of blinking {unknown}
 k - a scroll of random uselessness {unknown}
 m - a scroll of teleportation {unknown}
 o - a scroll of enchant armour {unknown}
 p - a scroll of noise {unknown}
Potions
 f - 2 potions of haste
 i - 2 potions of curing {unknown}
 n - a potion of degeneration {unknown}
 q - a potion of flight {unknown}


   Skills:
 + Level 5.0 Fighting
 + Level 4.4 Dodging
 - Level 6.6 Stealth
 + Level 2.4 Shields
 + Level 4.4 Unarmed Combat


You had 6 spell levels left.
You didn't know any spells.
Your spell library was empty.

Dungeon Overview and Level Annotations

Branches:
Dungeon (6/15)
 Temple: D:4-7

Altars:

Annotations:
D:4 Edmund, Pikel


Innate Abilities, Weirdness & Mutations

You cannot wear most types of armour.
You are very stealthy in the water. (Stealth+)
You are amphibious.
You can wear up to eight rings at the same time.
You can use your tentacles to constrict eight enemies at once.
Your skin changes colour to match your surroundings (Stealth+).
Your rubbery body absorbs attacks. (AC +1, EV +1)


Message History

You constrict Edmund, but do no damage.
You feel sick.
Edmund hits you with a +2 flail of venom.
You are more poisoned.
You tentacle-slap Edmund but do no damage.
You squeeze Edmund.
Edmund is lightly wounded.
You constrict Edmund, but do no damage.
You feel sick.
Edmund hits you with a +2 flail of venom!
You are lethally poisoned!
You tentacle-slap Edmund. You squeeze Edmund, but do no damage.
Edmund is lightly wounded.
You constrict Edmund, but do no damage.
You feel very sick.
Edmund hits you with a +2 flail of venom!
* * * LOW HITPOINT WARNING * * *
You release your grip on Edmund.
* * * LOW HITPOINT WARNING * * *
You feel very sick.
Edmund hits you with a +2 flail of venom!
You die...

#..##.##.# #.#
#.....##ยง######.##
#.###'##@#........
#.# ...#...@..o..#
#.# ...###.#####.#
#Z# ... #... ..#
#W# #.####### #@#
#.. #@# #.# ### #.#
#.# ###.


You could see Edmund, a phantom and a hound skeleton.

Vanquished Creatures
  Sigmund (D:2)
  A lemure (D:3)
  A scorpion (D:4)
  A hound (D:5)
  An orc wizard (D:3)
  Jessica (D:2)
  2 hound skeletons
  Robin (D:2)
  8 gnolls
  3 adders (D:3)
  A shadow imp (D:5)
  4 oozes
  A dart slug (D:1)
  2 leopard geckos
  10 orcs
  3 ball pythons
  5 giant cockroaches
  14 goblins
  13 hobgoblins
  7 jackals (D:3)
  6 kobolds
  3 quokkas
  7 bats
  4 frilled lizards
  A jackal skeleton (D:2)
  9 rats
110 creatures vanquished.

Vanquished Creatures (others)
  A plant (D:4)
1 creature vanquished.

Grand Total: 111 creatures vanquished

Notes
Turn   | Place    | Note
-------+----------+-------------------------------------------
     0 | D:5      | Aviak the Octopode Delver began the quest for the Orb.
     0 | D:5      | Reached XP level 1. HP: 16/16 MP: 1/1
    46 | D:5      | Noticed a scorpion
    52 | D:4      | You fall into a shaft and drop 2 floors!
   295 | D:5      | Noticed a hound
   305 | D:5      | Killed a hound
   306 | D:5      | Reached XP level 2. HP: 5/21 MP: 2/2
   306 | D:5      | Reached XP level 3. HP: 6/26 MP: 3/3
   707 | D:4      | Noticed a scorpion
   723 | D:4      | Killed a scorpion
   724 | D:4      | Reached XP level 4. HP: 27/33 MP: 4/4
  1103 | D:4      | Noticed Edmund
  1114 | D:4      | Noticed Pikel
  1114 | D:4      | Noticed a lemure
  1114 | D:4      | Noticed a lemure
  1114 | D:4      | Noticed a lemure
  1114 | D:4      | Noticed a lemure
  1117 | D:4      | Reached XP level 5. HP: 37/37 MP: 5/5
  1169 | D:4      | Noticed a phantom
  1218 | D:3      | Killed a lemure
  1267 | D:2      | Noticed Robin
  1306 | D:2      | Killed Robin
  1344 | D:2      | Noticed Jessica
  1353 | D:2      | Killed Jessica
  1860 | D:1      | Reached skill level 1 in Shields
  1860 | D:1      | Reached XP level 6. HP: 43/44 MP: 6/6
  2073 | D:2      | Noticed Sigmund
  2086 | D:2      | Killed Sigmund
  2319 | D:2      | Found a faded altar of an unknown god.
  2578 | D:3      | Reached XP level 7. HP: 49/49 MP: 7/7
  3097 | D:3      | Reached skill level 5 in Fighting
  3209 | D:4      | Slain by Edmund

Illustrated notes

Levels and vault maps discovered:
D:1:      nicolae_arrival_memento_mori, layout_loops_ring
D:2:      layout_rooms, chequers_ecumenical_altar_simple, uniq_jessica,
          uniq_sigmund, uniq_robin
D:3:      layout_loops_cross
D:4:      layout_basic, serial_bayou_pond_e, minmay_strange_pillars,
          minmay_misc_feat_pillars, uniq_edmund, uniq_pikel
D:5:      layout_cave_pools, minmay_temple_entry_overgrown
D:6:      layout_loops_ring, lemuel_doored_altar, uniq_crazy_yiuf_cottage

Skill      XL: |  1  2  3  4  5  6  7 |
---------------+----------------------+-----
Dodging        | 3 4 |  4.4
Unarmed Combat | 3 4 |  4.4
Fighting       | 4 5 |  5.0
Shields        | 1 2 |  2.4
Stealth        | |  6.6

Action                   |  1- 3 |  4- 6 |  7- 9 || total
-------------------------+-------+-------+-------++-------
Melee: Unarmed           |    23 |   172 |    82 ||   277
       Tentacles         |     7 |    36 |    16 ||    59
       Constrict         |     5 |    52 |    24 ||    81
       Punch             |       |     1 |     2 ||     3
  Use: Potion            |       |     1 |       ||     1
 Stab: Sleeping          |     2 |    15 |     6 ||    23
Armor: Skin              |     2 |    13 |     4 ||    19
Dodge: Dodged            |    20 |   120 |    40 ||   180
Block: Buckler           |       |    15 |    13 ||    28
